 Dungeon Crawl Stone Soup version 0.31-a0-859-g9dce7d3444 (webtiles) character file.

Game seed: 15148344218828195572

136 promet the Gusty (level 4, -1/36 HPs)
             Began as a Draconian Air Elementalist on Oct 10, 2023.
             Slain by an orc
             ... wielding a +0 war axe
              (7 damage)
             ... on level 3 of the Dungeon.
             The game lasted 00:16:18 (3671 turns).

promet the Gusty (Draconian Air Elementalist)       Turns: 3671, Time: 00:16:19

Health: -1/36      AC:  7    Str: 14    XL:     4   Next: 98%
Magic:  5/8        EV: 12    Int: 17    God:
Gold:   209        SH:  0    Dex: 11    Spells: 4/8 levels left

rFire   . . .        a - +0 short sword
rCold   . . .        (no shield)
rNeg    . . .        (body armour unavailable)
rPois   .            (helmet restricted)
rElec   .            (no cloak)
rCorr   .            i - +1 pair of gloves {Str+3}
SInv    .            (no boots)
Will    .....        (no amulet)
Stlth   ++           (no ring)
HPRegen 0.26/turn    (no ring)
MPRegen 0.11/turn

%: no passive effects
@: no status effects
A: AC +5, unfitting armour, cold-blooded
a: no special abilities


You were on level 3 of the Dungeon.
You visited 1 branch of the dungeon, and saw 3 of its levels.

You collected 209 gold pieces.

Inventory:

Hand Weapons
 a - a +0 short sword (weapon)
 b - a +1 sling
Missiles
 d - 5 poisoned darts
 l - 6 boomerangs
 n - 14 stones
Armour
 i - a +1 pair of gloves of strength (worn)
Jewellery
 k - an amulet of regeneration
 m - an amulet of faith
Wands
 e - a wand of paralysis (4)
Potions
 c - a potion of lignification {unknown}
 g - a potion of mutation {unknown}
 h - a potion of cancellation {unknown}
 j - a potion of curing {unknown}


   Skills:
 * Level 2.0 Fighting
 + Level 0.9 Short Blades
 + Level 0.4 Ranged Weapons
 + Level 2.1 Dodging
 + Level 2.2 Stealth
 + Level 2.6 Spellcasting
 + Level 1.7 Conjurations
 * Level 3.8 Air Magic


You had 4 spell levels left.
You knew the following spells:

 Your Spells              Type           Power      Damage    Failure   Level
a - Shock                 Conj/Air       44%        1d5       6%          1
b - Static Discharge      Conj/Air       22%        2-3/arc   9%          2
c - Foxfire               Conj/Fire      20%        2x1d5     13%         1

Your spell library contained the following spells:

 Spells                   Type           Power      Damage    Failure   Level
 Swiftness                Air            15%        N/A       11%         3
 Airstrike                Air            7%         2d(2-18)  36%         4
 Frozen Ramparts          Ice            4%         1d1       50%         3
 Petrify                  Tmut/Erth      2%         N/A       88%         4
 Metabolic Englaciation   Hex/Ice        1%         N/A       99%         5
 Plasma Beam              Fire/Air       4%         2x1d14    100%        6
 Starburst                Conj/Fire      2%         6d3       100%        6


Dungeon Overview and Level Annotations

Branches:
Dungeon (3/15)

Altars:


Innate Abilities, Weirdness & Mutations

Your plain brown scales are hard. (AC +5)
You cannot fit into any form of body armour.
You are cold-blooded and may be slowed by cold attacks.


Message History

The orc is struck by an arc of lightning.
The orc is severely wounded.
The orc priest is struck by an arc of lightning.
You kill the orc priest!
The lightning grounds out.
The orc hits you with a +0 dagger. The orc closely misses you.
Your Fighting skill increases to level 2!
You hit the orc priest but do no damage.
Your tail-slap misses the orc priest.
The orc hits you but does no damage. The orc hits you with a +0 war axe.
The orc priest hits you with a +0 falchion.
The orc wizard casts a spell.
The orc wizard flickers and vanishes!
Deactivating autopickup; reactivate with Ctrl-A.
You aren't carrying any scrolls.
Unknown command.
You aren't carrying any scrolls.
Magic courses through your body. The orc hits you with a +0 dagger.
The orc closely misses you.
The orc priest calls upon Beogh to heal the orc.
The orc's wounds heal themselves!
Casting: Static Discharge (safe; 9% risk of failure)
Confirm with . or Enter, or press ? or * to list all spells.
Aiming: Shock (safe; 6% risk of failure)
Press: ? - help, Shift-Dir - straight line The zap hits the orc priest.
The orc priest is lightly wounded.
The orc hits you but does no damage. The orc barely misses you.
The orc priest hits you with a +0 falchion.
* * * LOW HITPOINT WARNING * * *
Okay, then.
Casting: Shock (safe; 6% risk of failure)
Confirm with . or Enter, or press ? or * to list all spells.
The orc priest is struck by an arc of lightning.
The orc priest is moderately wounded.
The orc is struck by an arc of lightning.
The orc is moderately wounded.
The lightning grounds out.
The orc barely misses you. The orc hits you with a +0 war axe!
You die...

##############.######...g########
#.......# #. ####..g.##...
..###...# #. ####.##.## ####....#
+##.. #.##..# ##...# .... #....#.
##.## #..# #.##g.# # #.######..{
### #.##..# # #.##...#..o###..#
#....g# # ##'##..#####@o...#
#.##... # ##............o...#
#.##### #
##.....######....########.#####
###.......## #........#..........
##.........###....###.#.###.....#
.'.........'.....................
##.........###....###.#.###.....#
###.......###.....# #.#.# #.....#
# ##.....## ##.##.###.#.# ##.##.#


You could see an orc priest and 2 orcs.

Vanquished Creatures
  An orc priest (D:3)
  Ijyb (D:3)
  4 adders (D:2)
  2 worms (D:2)
  A dart slug (D:1)
  An endoplasm (D:1)
  2 giant cockroaches
  A goblin (D:3)
  5 hobgoblins
  4 jackals (D:3)
  4 quokkas
  4 ball pythons
  3 bats
  4 frilled lizards
  4 rats (D:1)
41 creatures vanquished.

Notes
Turn   | Place    | Note
-------+----------+-------------------------------------------
     0 | D:1      | promet the Draconian Air Elementalist began the quest for
                  | the Orb.
     0 | D:1      | Reached XP level 1. HP: 14/14 MP: 3/3
   810 | D:1      | Reached XP level 2. HP: 22/22 MP: 5/5
  1695 | D:2      | Learned a level 2 spell: Static Discharge
  1920 | D:2      | Reached skill level 1 in Fighting
  1920 | D:2      | Reached XP level 3. HP: 24/28 MP: 0/6
  2276 | D:2      | Reached XP level 4. HP: 27/35 MP: 3/7
  2420 | D:3      | Learned a level 1 spell: Foxfire
  3530 | D:3      | Noticed Ijyb
  3540 | D:3      | Killed Ijyb
  3671 | D:3      | Slain by an orc

Illustrated notes

Levels and vault maps discovered:
D:1:      dpeg_arrival_windows_large_door, layout_rooms, grunt_decor_clamped
D:2:      layout_rooms
D:3:      layout_loops_corners, shapermc_ecumenical_altar_mp_vishouse, uniq_ijyb

Skill      XL: |  1  2  3  4 |
---------------+-------------+-----
Fighting       | 1 2 |  2.0
Stealth        | 2 |  2.2
Dodging        | 2 |  2.1
Short Blades   | |  0.9
Ranged Weapons | |  0.4
Spellcasting   | |  2.6
Conjurations   | |  1.7
Air Magic      | |  3.8

Action                     |  1- 3 |  4- 6 || total
---------------------------+-------+-------++-------
  Melee: Dagger            |    20 |       ||    20
         Short sword       |    52 |    28 ||    80
         Tailslap          |     5 |     4 ||     9
         Punch             |     2 |     1 ||     3
   Fire: Sling             |     2 |     6 ||     8
   Cast: Shock             |    41 |    18 ||    59
         Static Discharge  |     6 |     8 ||    14
  Evoke: Wand              |       |     1 ||     1
    Use: Scroll            |     4 |     4 ||     8
         Potion            |     1 |     1 ||     2
   Stab: Sleeping          |     2 |     1 ||     3
 Armour: Skin              |    61 |    31 ||    92
  Dodge: Dodged            |    51 |    45 ||    96

Table legend: (Time is in decaauts)
 A = Elapsed time spent in this place.
 B = Non-inter-level travel time spent in this place.
 C = Inter-level travel time spent in this place.
 D = Time resting spent in this place.
 E = Time spent auto-exploring this place.
 F = Levels seen in this place.
 G = Mean time per level.
                   A        B        C        D        E       F      G
               +--------+--------+--------+--------+--------+-----+--------+
         Total |   3666 |   3624 |     42 |   1480 |    933 |   3 | 1222.0 |
       Dungeon |   3666 |   3624 |     42 |   1480 |    933 |   3 | 1222.0 |
               +--------+--------+--------+--------+--------+-----+--------+

Top non-repeatable levels by time:
     D:3: 1254 daAuts
     D:2: 1252 daAuts
     D:1: 1160 daAuts
